 Dungeon Crawl Stone Soup version 0.29-a0-909-g30c7767f5c (webtiles) character file.

Game seed: 15109252622254561021

42 Flugkiller the Cutter (level 3, -1/23 HPs)
             Began as a Kobold Warper on July 25, 2022.
             Slain by Natasha (5 damage)
             ... on level 1 of the Dungeon.
             The game lasted 00:02:06 (1310 turns).

Flugkiller the Cutter (Kobold Warper)               Turns: 1310, Time: 00:02:07

Health: -1/23      AC:  3    Str:  8    XL:     3   Next: 80%
Magic:  15/15      EV: 14    Int: 14    God:
Gold:   79         SH:  0    Dex: 16    Spells: 4/6 levels left

rFire   . . .      SeeInvis .   a - +0 short sword
rCold   . . .      Faith    +   (no shield)
rNeg    . . .      Spirit   .   b - +0 leather armour
rPois   .          Reflect  .   (no helmet)
rElec   .          Harm     .   (no cloak)
rCorr   .          Rampage  .   (no gloves)
Will    .....                   (no boots)
Stlth   +++.......              i - amulet of faith
HPRegen 0.07/turn               g - ring of magical power
MPRegen 0.14/turn               (no ring)

@: no status effects
A: small, no large weapons, nightstalker 3
a: no special abilities


You were on level 1 of the Dungeon.
You visited 1 branch of the dungeon, and saw 2 of its levels.

You collected 79 gold pieces.

Inventory:

Hand Weapons
 a - a +0 short sword (weapon)
Missiles
 d - 2 boomerangs of dispersal (quivered)
Armour
 b - a +0 leather armour (worn)
Jewellery
 g - a ring of magical power (left hand)
   (You found it on level 1 of the Dungeon)
 i - an amulet of faith (around neck)
   (You found it on level 1 of the Dungeon)
Scrolls
 c - a scroll of enchant weapon {unknown}
 e - 2 scrolls of identify {unknown}
 f - a scroll of enchant armour {unknown}
 j - a scroll of noise {unknown}
 z - a scroll of blinking
Potions
 h - a potion of haste {unknown}


   Skills:
 - Level 3.0 Fighting
 + Level 4.0 Short Blades
 - Level 1.1 Throwing
 - Level 0.7 Armour
 - Level 2.4 Dodging
 - Level 2.0 Stealth
 - Level 2.1 Spellcasting
 - Level 3.0 Translocations


You had 4 spell levels left.
You knew the following spells:

 Your Spells              Type           Power      Damage    Failure   Level
r - Blink                 Tloc           18%        N/A       14%         2

Your spell library contained the following spells:

 Spells                   Type           Power      Damage    Failure   Level
 Gell's Gravitas          Tloc           9%         N/A       28%         3
 Lesser Beckoning         Tloc           9%         N/A       28%         3
 Teleport Other           Tloc           9%         N/A       28%         3
 Manifold Assault         Tloc           9%         N/A       95%         5
 Borgnjor's Revivificati  Necr           0%         N/A       100%        8
 Necromutation            Tmut/Necr      0%         N/A       100%        8
 Death's Door             Necr           0%         N/A       100%        9


Dungeon Overview and Level Annotations

Branches:
Dungeon (2/15) Zot: 10693

Altars:

Annotations:
D:1 Natasha


Innate Abilities, Weirdness & Mutations

You are small and have problems with some larger weapons.
You are completely attuned to the shadows.


Message History

Throw: 5 boomerangs (disperse)
Press: ? - help, Q - select action, (/) - cycle Shift-Dir - straight line, f - adder, p - Natasha
Aim: an adder (42% to hit)
You throw a boomerang of dispersal.
The boomerang of dispersal barely misses the adder.
The adder bites you. Natasha closely misses you. The adder misses you.
Natasha howls an incantation.
You feel disoriented. Natasha claws you but does no damage.
Throw: 4 boomerangs (disperse)
Press: ? - help, Q - select action, (/) - cycle Shift-Dir - straight line, f/p - adder
Aim: an adder (42% to hit)
You throw a boomerang of dispersal.
The boomerang of dispersal misses the adder.
The adder barely misses you. Natasha misses you.
Throw: 3 boomerangs (disperse)
Press: ? - help, Q - select action, (/) - cycle Shift-Dir - straight line, f/p - adder
Aim: an adder (42% to hit)
You throw a boomerang of dispersal.
The boomerang of dispersal closely misses the adder.
The adder bites you. The adder closely misses you. Natasha barely misses you.
Casting: Blink (safe; 14% risk of failure)
Confirm with . or Enter, or press ? or * to list all spells.
You blink.
Found a stone staircase leading up.
A kobold comes into view. It is wielding a +0 club.
There is a stone staircase leading up here.
The adder bites you but does no damage.
Natasha extends her claws.
You climb upwards.
There is a stone staircase leading down here.
You hit the adder.
The adder is moderately wounded.
The adder bites you but does no damage.
You hit the adder.
The adder is severely wounded.
You feel stable enough to blink again. The adder misses you.
You hit the adder.
You kill the adder!
Your Short Blades skill increases to level 4!
You see here an adder corpse.
You start resting.
Magic restored.
You start resting.
HP restored.
There is a stone staircase leading down here.
You climb downwards.
Level annotation: Natasha The kobold shouts!
You hear a shout! x5
Natasha mumbles some strange words.
The kobold throws a stone.
The stone hits you.
There is a stone staircase leading up here.
Natasha claws you.
The crimson imp blinks!
You climb upwards.
There is a stone staircase leading down here.
You hit Natasha.
Natasha is moderately wounded.
Natasha barely misses you.
You hit Natasha.
Natasha is severely wounded.
Natasha drinks a potion.
Natasha is healed!
You hit Natasha.
Natasha is moderately wounded.
Natasha wildly gestures.
Natasha glows brightly for a moment.
Natasha claws you.
You barely miss Natasha.
Natasha is moderately wounded.
Natasha claws you!
You hit Natasha.
Natasha is severely wounded.
Natasha claws you.
You hit Natasha but do no damage.
Natasha is severely wounded.
Natasha claws you.
* * * LOW HITPOINT WARNING * * *
You hit Natasha but do no damage.
Natasha is severely wounded.
Natasha closely misses you.
You hit Natasha.
Natasha is almost dead.
Natasha misses you.
You hit Natasha.
Natasha is almost dead.
Natasha drinks a potion.
Natasha is healed!
Okay, then.
You hit Natasha but do no damage.
Natasha is moderately wounded.
You closely miss Natasha.
Natasha is moderately wounded.
Natasha barely misses you.
You hit Natasha but do no damage.
Natasha is moderately wounded.
Natasha wildly gestures.
You feel troubled. Natasha misses you.
You hit Natasha.
Natasha is moderately wounded.
Natasha claws you.
You die...

#.##.##.#.##.# #.## ##.#
##.#.#.##.##.# ##.###.##
##...###.##.# ##..#.## ##.##
#.##.#####.#..## #.#
#.##........#.# #.#
#.########....# ### #.# #.#
##.#.# #.. #.# #.### #.#.#
#.8 #.# #..@# #.### #.. ##.##
###h# #.# ###' #...# #.#
#######... #...# #.# #...#...
####...#####.#########.<.'..⌠
#.........#...#......#...#...
#..................#######...
#.........#...####.##....#'##
####...######## #.##.##...#


You could see Natasha.

Vanquished Creatures
  An adder (D:1)
  4 endoplasms (D:1)
  2 giant cockroaches (D:1)
  2 goblins (D:1)
  2 hobgoblins (D:1)
  4 kobolds (D:1)
  A quokka (D:1)
  2 ball pythons (D:1)
  3 bats (D:1)
  3 frilled lizards (D:1)
  11 rats
35 creatures vanquished.

Notes
Turn   | Place    | Note
-------+----------+-------------------------------------------
     0 | D:1      | Flugkiller the Kobold Warper began the quest for the Orb.
     0 | D:1      | Reached XP level 1. HP: 12/12 MP: 3/3
    99 | D:1      | Reached skill level 1 in Stealth
   263 | D:1      | Reached XP level 2. HP: 17/17 MP: 5/5
   285 | D:1      | Learned a level 2 spell: Blink
   357 | D:1      | Reached skill level 3 in Short Blades
   568 | D:1      | Reached XP level 3. HP: 21/22 MP: 6/6
  1235 | D:2      | Noticed Natasha
  1249 | D:1      | Reached skill level 4 in Short Blades
  1310 | D:1      | Slain by Natasha

Illustrated notes

Levels and vault maps discovered:
D:1:      minmay_arrival_stair_chambers, layout_loops_ring,
          chequers_serial_rivers_micro_e, minmay_misc_feat_five,
          minmay_rat_gold_closets
D:2:      layout_basic, uniq_robin, uniq_natasha, uniq_terence

Skill      XL: |  1  2  3 |
---------------+----------+-----
Stealth        | 2 |  2.0
Short Blades   | 3 4 |  4.0
Fighting       | 3 |  3.0
Throwing       | |  1.1
Armour         | |  0.7
Dodging        | |  2.4
Spellcasting   | |  2.1
Translocations | |  3.0

Action                   || total
-------------------------++-------
Melee: Short sword       ||    89
       Punch             ||     1
Throw: Boomerang         ||     5
 Cast: Blink             ||     1
 Stab: Sleeping          ||    19
Armor: Leather armour    ||    15
Dodge: Dodged            ||    55

Table legend: (Time is in decaauts)
 A = Elapsed time spent in this place.
 B = Non-inter-level travel time spent in this place.
 C = Inter-level travel time spent in this place.
 D = Time resting spent in this place.
 E = Time spent auto-exploring this place.
 F = Levels seen in this place.
 G = Mean time per level.
                   A        B        C        D        E       F      G
               +--------+--------+--------+--------+--------+-----+--------+
         Total |   1306 |   1277 |     29 |    229 |    760 |   2 |  653.0 |
       Dungeon |   1306 |   1277 |     29 |    229 |    760 |   2 |  653.0 |
               +--------+--------+--------+--------+--------+-----+--------+

Top non-repeatable levels by time:
     D:1: 1257 daAuts
     D:2: 48 daAuts
